Map: Traitor's Exile

Players

Koelsch

  • Race: Terran Terran
  • Spawn Location: 6:00

Arthur

  • Race: Zerg Zerg
  • Spawn Location: 5:00

LOADBLASTER - Winner!

  • Race: Terran Terran
  • League: Grandmaster
  • Spawn Location: 9:00

PureLegacy - Winner!

  • Race: Terran Terran
  • Spawn Location: 12:00

VOD

Have the link to the VOD?

Description

Time

  • Played on: Nov. 30, 2018, 3:43 p.m.
  • Length: 6:20
Show
View Real Time Build Order
Export as new Build Order

Koelsch Terran 

Build Orders:  

Get SALT Encoding   

  12  0:00  SCV  
  13  0:13  SCV  
  14  0:18  Supply Depot  
  14  0:25  SCV  
  15  0:40  SCV  
  15  0:41  Barracks  
  16  0:45  Refinery  
  16  0:52  SCV  
  17  1:02  Barracks  
  17  1:05  SCV  
  18  1:17  SCV  
  19  1:29  Reaper  
  19  1:30  Orbital Command  
  20  1:38  Barracks  
  20  1:45  Refinery  
  20  1:49  Reaper  
  21  1:57  Supply Depot  
  21  2:00  SCV  
  22  2:07  Reaper  
  23  2:19  SCV  
  23  2:21  Supply Depot, Reaper  
  25  2:27  Reaper  
  26  2:31  SCV  
  27  2:39  Reaper  
  27  2:43  SCV  
  29  2:53  Reaper  
  29  2:55  SCV  
  31  2:59  Reaper  
  32  3:07  SCV, Command Center  
  32  3:11  Reaper  
  34  3:25  Reaper  
  35  3:31  Reaper  
  36  3:43  Reaper  
  31  3:56  SCV  
  31  3:57  Reaper  
  31  4:01  Barracks  
  31  4:02  Barracks  
  33  4:04  Reaper  
  33  4:08  SCV  
  34  4:10  Engineering Bay  
  34  4:15  Reaper  
  35  4:20  SCV  
  35  4:21  Orbital Command  
  36  4:29  Reaper  
  37  4:36  Reaper  
  37  4:37  Missile Turret  
  37  4:41  Missile Turret  
  37  4:44  Missile Turret  
  35  4:47  Reaper  
  35  4:51  SCV  
  37  4:55  Reaper  
  37  4:57  Reaper  
  37  4:58  SCV  
  38  5:06  Missile Turret  
  38  5:07  SCV  
  38  5:15  SCV  
  38  5:18  Reaper  
  38  5:19  SCV  
  38  5:20  Command Center  
  41  5:24  Reaper  
  41  5:27  SCV  
  43  5:31  SCV  
  44  5:38  Reaper  
  44  5:39  SCV  
  46  5:43  SCV  
  46  5:46  Missile Turret  
  46  5:47  Reaper  
Show
View Real Time Build Order
Export as new Build Order

Arthur Zerg 

Build Orders: Pool First, Ravager All-In 

Get SALT Encoding   

  12  0:00  Drone  
  13  0:08  Drone  
  14  0:21  Drone, Extractor  
  14  0:33  Spawning Pool  
  13  0:37  Drone  
  14  0:46  Overlord  
  14  0:53  Extractor  
  14  0:54  Drone  
  15  1:20  Roach Warren, Queen  
  15  1:24  Extractor  
  15  1:29  Drone  
  16  1:38  Overlord  
  16  1:59  Roach  
  16  2:00  Roach  
  20  2:05  Roach  
  22  2:16  Roach  
  22  2:20  Ravager  
  26  2:22  Ravager  
  26  2:33  Roach  
  26  2:37  Ravager  
  29  2:40  Ravager  
  30  2:51  Overlord  
  30  3:19  Roach x2  
  34  3:27  Ravager  
  32  3:52  Roach x2  
  26  4:07  Drone x4  
  26  4:08  Drone  
  26  4:09  Spore Crawler, Ravager x2  
  24  4:38  Hatchery  
  24  4:44  Roach x2  
  27  4:52  Queen  
  27  4:58  Spore Crawler  
  28  5:05  Ravager x2  
  30  5:09  Roach  
  30  5:13  Roach  
  30  5:23  Roach x2  
  34  5:32  Roach x2  
  38  5:45  Overlord  
  38  5:46  Overlord  
  38  6:06  Ravager x2  
Show
View Real Time Build Order
Export as new Build Order

LOADBLASTER Terran - Winner!

Build Orders: 1/1/1, Banshee Rush 

Get SALT Encoding   

  12  0:00  SCV  
  13  0:13  SCV  
  14  0:18  Supply Depot  
  14  0:25  SCV  
  15  0:30  Refinery  
  15  0:40  SCV  
  16  0:46  Barracks  
  16  0:56  SCV  
  17  1:00  Refinery  
  17  1:08  SCV  
  18  1:20  SCV  
  19  1:37  Factory  
  19  1:43  Orbital Command  
  19  1:44  Barracks Tech Lab  
  19  1:51  Supply Depot  
  19  2:03  Marauder  
  21  2:08  SCV  
  21  2:10  Concussive Shells  
  22  2:25  Starport  
  22  2:28  SCV  
  22  2:29  Factory Tech Lab  
  22  2:33  Marauder  
  24  2:40  SCV  
  24  2:52  Supply Depot, SCV  
  24  2:54  Marauder  
  27  3:07  Banshee  
  30  3:16  Hellion, Marauder  
  34  3:29  Cloaking Field  
  34  3:37  Marauder  
  34  3:38  Supply Depot  
  36  3:47  SCV  
  35  3:59  Marauder  
  33  4:06  Banshee  
  36  4:21  Hellion  
  38  4:45  Command Center  
  38  4:48  Banshee  
  43  4:52  Marauder  
  43  4:58  Supply Depot  
  43  5:07  SCV  
  43  5:13  Factory Reactor  
  44  5:19  SCV  
  45  5:31  SCV  
  45  5:34  Banshee  
  43  5:43  SCV  
  44  5:55  SCV  
  45  6:07  SCV  
Show
View Real Time Build Order
Export as new Build Order

PureLegacy Terran - Winner!

Build Orders:  

Get SALT Encoding   

  12  0:01  SCV  
  13  0:13  SCV  
  14  0:19  Supply Depot  
  14  0:25  SCV  
  15  0:31  Refinery  
  15  0:40  SCV  
  16  0:47  Barracks  
  16  0:53  SCV  
  17  1:04  Barracks  
  17  1:19  Barracks  
  17  1:23  SCV  
  18  1:36  Reaper  
  19  1:40  Orbital Command  
  19  1:49  Refinery  
  19  1:53  Reaper  
  20  2:01  Supply Depot  
  20  2:06  Reaper  
  21  2:11  Reaper  
  22  2:25  Reaper, Bunker  
  23  2:32  Barracks  
  23  2:43  Barracks  
  23  2:46  SCV  
  25  2:51  Reaper  
  25  3:10  Supply Depot, Reaper x2  
  27  3:23  Supply Depot  
  26  3:32  Reaper x2  
  28  3:36  Reaper  
  23  3:53  Reaper  
  12  4:10  SCV  
  12  4:11  Reaper x2  
  15  4:17  Reaper  
  15  4:22  SCV  
  17  4:32  Reaper  
  17  4:34  SCV  
  19  4:41  Reaper  
  20  4:46  SCV  
  20  4:50  Reaper  
  22  4:58  SCV  
  23  5:01  Reaper  
  23  5:05  Reaper  
  25  5:10  SCV  
  26  5:22  SCV  
  26  5:26  Reaper  
  28  5:40  Reaper  
  29  5:44  Reaper  
  29  5:48  Reaper, SCV  
Tags
 
Add a new tag
Caveats
  • Supply blocks, unpowered buildings, or Contaminate may cause inaccurate times.
  • Supply counts are checked every 10 seconds.